 Dungeon Crawl Stone Soup version 0.30.1-3-gfc49f6343a (webtiles) character file.

Game seed: 8266572135730849805

47476 Peloso the Carver (level 14, -3/129 HPs)
             Began as a Minotaur Fighter on July 28, 2023.
             Was a High Priest of Okawaru.
             Shot with an arrow by Nessos (7 damage)
             ... on level 13 of the Dungeon.
             The game lasted 00:36:38 (21089 turns).

Peloso the Carver (Minotaur Fighter)               Turns: 21089, Time: 00:36:40

Health: -3/129     AC: 16    Str: 36    XL:     14   Next: 8%
Magic:  13/13      EV: 12    Int:  5    God:    Okawaru [*****.]
Gold:   375        SH: 12    Dex: 15    Spells: 13/13 levels left

rFire   . . .        a - +7 long sword of Dismay {drain, rC+ Str+3 SInv}
rCold   + . .        d - +0 buckler
rNeg    + + .        k - +0 chain mail of the Salmon {Rampage rN++ Str+3}
rPois   +            (helmet restricted)
rElec   .            (no cloak)
rCorr   .            L - +0 pair of gloves
SInv    +            e - +0 pair of boots
Will    +....        K - amulet "Noty" {Reflect rPois Dex+3 SH+5} Stlth
                     t - ring of flight
HPRegen 0.41/turn    Y - +6 ring of strength
MPRegen 0.13/turn

%: reflection, rampage
@: flying
A: horns 2, retaliatory headbutt
a: Renounce Religion, Heroism, Finesse, Duel


You were on level 13 of the Dungeon.
You worshipped Okawaru.
Okawaru was extremely pleased with you.
You visited 4 branches of the dungeon, and saw 19 of its levels.
You also visited: Sewer.

You collected 1940 gold pieces.
You spent 1565 gold pieces at shops.

Inventory:

Hand Weapons
 a - the +7 long sword of Dismay (weapon) {drain, rC+ Str+3 SInv}
   (You bought it in a shop on level 1 of the Orcish Mines)

   Str:       It affects your strength (+3).
   rC:        It protects you from cold.
   SInv:      It lets you see invisible.
 b - the +7 war axe of the Durable God {drain, rElec rPois Str+4 Int-4}
   (You bought it in a shop on level 7 of the Dungeon)

   Str:       It affects your strength (+4).
   Int:       It affects your intelligence (-4).
   rElec:     It insulates you from electricity.
   rPois:     It protects you from poison.
 c - a +2 scimitar of flaming
 U - a +5 vampiric demon blade
Missiles
 N - a throwing net (quivered)
Armour
 d - a +0 buckler (worn)
 e - a +0 pair of boots (worn)
 g - the +0 pair of boots of the Fisher {rF+ rN++ Int+2 Dex-2}
   (Okawaru gifted it to you on level 3 of the Lair of Beasts)

   Int:       It affects your intelligence (+2).
   Dex:       It affects your dexterity (-2).
   rF:        It protects you from fire.
   rN:        It greatly protects you from negative energy.
 k - the +0 chain mail of the Salmon (worn) {Rampage rN++ Str+3}
   (You found it on level 3 of the Dungeon)

   Str:       It affects your strength (+3).
   rN:        It greatly protects you from negative energy.
   Rampage:   It bestows one free step when moving towards enemies.
 A - the +0 plate armour of Defence {Dex+2}
   (You bought it in a shop on level 2 of the Orcish Mines)

   Dex:       It affects your dexterity (+2).
 L - a +0 pair of gloves (worn)
 S - the +2 pair of boots "Zuine" {Fly rPois rF+ Will-}
   (Okawaru gifted it to you on level 1 of the Lair of Beasts)

   rF:        It protects you from fire.
   rPois:     It protects you from poison.
   Fly:       It grants you flight.
   Will:      It decreases your willpower.
Jewellery
 t - a ring of flight (left hand)
 w - a +5 ring of evasion
 K - the amulet "Noty" (around neck) {Reflect rPois Dex+3 SH+5}
   (You found it on level 9 of the Dungeon)

   [amulet of reflection]

   It reflects blocked missile attacks.
   Dex:       It affects your dexterity (+3).
   rPois:     It protects you from poison.
   SH:        It affects your SH (+5).
 Q - a ring of see invisible
 Y - a +6 ring of strength (right hand)
Wands
 l - a wand of polymorph (7)
 x - a wand of iceblast (10)
 D - a wand of flame (7)
 E - a wand of digging (5)
 P - a wand of acid (5)
Scrolls
 n - a scroll of brand weapon
 s - 7 scrolls of teleportation
 u - 6 scrolls of noise
 y - a scroll of fear
 z - 4 scrolls of enchant armour
 B - 2 scrolls of enchant weapon
 F - a scroll of butterflies
 G - a scroll of immolation
 H - a scroll of poison
 I - a scroll of magic mapping
 J - 4 scrolls of amnesia
 O - 2 scrolls of fog
 V - a scroll of identify
Potions
 f - 7 potions of curing
 h - 3 potions of might
 i - a potion of brilliance
 j - 3 potions of cancellation
 m - 3 potions of resistance
 o - 2 potions of mutation
 p - 4 potions of haste
 q - a potion of berserk rage
 r - 8 potions of heal wounds
 C - 2 potions of ambrosia
 R - 3 potions of flight {unknown}
 T - a potion of magic
 W - a potion of lignification
Miscellaneous
 v - a tin of tremorstones (2/2)
 M - a phantom mirror
 X - a box of beasts


   Skills:
 + Level 13.6 Fighting
 + Level 14.6 Long Blades
 + Level 12.5 Axes
 + Level 13.2 Armour
 + Level 6.2 Dodging
 + Level 1.4 Stealth
 + Level 12.2 Shields
 + Level 0.7 Invocations


You had 13 spell levels left.
You didn't know any spells.
Your spell library contained the following spells:

 Spells                   Type           Power      Damage    Failure   Level
 Magic Dart               Conj           0%         1d3       82%         1
 Slow                     Hex            0%         N/A       82%         1
 Searing Ray              Conj           0%         2d4       91%         2
 Static Discharge         Conj/Air       0%         2-2/arc   91%         2
 Sublimation of Blood     Necr           0%         N/A       91%         2
 Confusing Touch          Hex            0%         N/A       99%         3
 Vampiric Draining        Necr           0%         2d6       99%         3
 Airstrike                Air            0%         2d(0-16)  100%        4
 Fulminant Prism          Conj/Hex       0%         3d5       100%        4
 Leda's Liquefaction      Hex/Erth       0%         N/A       100%        4
 Petrify                  Tmut/Erth      0%         N/A       100%        4
 Alistair's Intoxication  Tmut/Pois      0%         N/A       100%        5
 Borgnjor's Vile Clutch   Necr/Erth      0%         N/A       100%        5
 Lee's Rapid Deconstruct  Erth           0%         3d4*      100%        5
 Metabolic Englaciation   Hex/Ice        0%         N/A       100%        5
 Silence                  Hex/Air        0%         N/A       100%        5
 Eringya's Noxious Bog    Tmut/Pois      0%         N/A       100%        6
 Statue Form              Tmut/Erth      0%         N/A       100%        6
 Maxwell's Capacitive Co  Air            0%         ∞         100%        8
 Summon Lightning Spire   Summ/Air       Unusable   N/A       N/A         4

Dungeon Overview and Level Annotations

Branches:
Dungeon (13/15)            Temple (1/1) D:5            Lair (3/5) D:11
  Swamp (0/4) Lair:3        Snake (0/4) Lair:2          Orc (2/2) D:10
    Elf (0/3) Orc:2         Sewer (visited)
 Vaults: D:13-14

Altars:
Ashenzari
Cheibriados
Dithmenos
Elyvilon
Fedhas
Gozag
Hepliaklqana
Kikubaaqudgha
Makhleb
Okawaru
Ru
Sif Muna
Trog
Uskayaw
Vehumet
Xom
Yredelemnul
The Shining One

Shops:
D:1 [   D:7 =(*?   Orc:1 (   Orc:2 [[(:

Annotations:
D:8 1 transporter
D:13 Nessos


Innate Abilities, Weirdness & Mutations

You have a pair of horns on your head.
You reflexively headbutt those who attack you in melee.


Message History

You hit the cyclops but do no damage.
The cyclops is almost dead.
The basilisk bites you. You block the cyclops's attack.
You block the fire elemental's attack.
Unknown command.
You hit the cyclops. You drain the cyclops.
You kill the cyclops!
Okawaru accepts your kill.
A wraith comes into view.
Nessos gestures wildly while chanting.
Nessos blinks!
You block the basilisk's attack. You block the fire elemental's attack.
You slice the basilisk!! You drain the basilisk.
Your headbutt misses the basilisk.
The basilisk is severely wounded.
Nessos wields a +2 longbow of flaming.
It bursts into flame!
Nessos shoots an arrow.
You block the arrow with an invisible shield... and reflect it back!
The arrow hits Nessos!
The arrow burns Nessos.
Nessos looks as sick as possible!
The fire elemental hits you. The fire elemental burns you!
The fire elemental hits you. The fire elemental burns you!
* * * LOW HITPOINT WARNING * * *
The basilisk bites you but does no damage.
You hit the basilisk.
The basilisk is severely wounded.
Nessos shoots an arrow.
You block the arrow with an invisible shield... and reflect it back!
The arrow hits Nessos.
The arrow burns Nessos.
Nessos looks as sick as possible!
You block the fire elemental's attack. The fire elemental hits you.
The fire elemental burns you!
* * * LOW HITPOINT WARNING * * *
Unknown command.
As you read the scroll of fear, it crumbles to dust.
You assume a fearsome visage.
Nessos resists with some effort.
The fire elemental is unaffected. x2; The wraith is unaffected.
The basilisk looks frightened!
Nessos shoots an arrow.
The arrow hits you!
* * * LOW HITPOINT WARNING * * *
The arrow burns you!
You die...

#.... #.... #.... #....
# #.... ##. #....
##...###############....
.?...WE.....>..(.....>..
.....○E@..c.............
.....?l...............<.
...................>...)
.......................)
####################....
#.... #.... #.... #....


You could see Nessos (fast, extremely poisoned), a basilisk (fleeing, drained),
2 fire elementals and a wraith.

Vanquished Creatures
  An orc warlord (Orc:1)
  Snorg (D:11)
  The ghost of Almogavar the Severer, a journeyman HOFi of Makhleb (Orc:1)
  2 centaur warriors
  A hydra (Lair:3)
  A boulder beetle (D:11)
  6 two-headed ogres
  6 orc high priests
  Nergalle (D:11)
  The ghost of ymhsbmbesitwf the Magician, a novice DjFE of Elyvilon (D:6)
  5 orc knights
  2 ugly things
  A salamander (Lair:2)
  4 cyclopes
  Maurice (D:12)
  2 black mambas
  A black mamba (shapeshifter) (D:13)
  5 cane toads
  An efreet (D:13)
  Psyche (D:8)
  A gargoyle (D:8)
  A rime drake (Lair:3)
  3 komodo dragons
  5 trolls
  11 blink frogs
  6 slime creatures (D:12)
  2 wraiths (D:11)
  A shadow (D:11)
  3 wyverns
  45 yaks
  A steam dragon (D:7)
  2 basilisks
  5 vampire mosquitoes
  6 wargs
  9 water moccasins
  A black bear (D:7)
  2 sky beasts
  44 orc warriors
  An ice beast (D:5)
  13 ogres
  5 wolves (Lair:2)
  4 phantoms
  14 centaurs
  9 bullfrogs
  4 gnoll sergeants
  A kobold brigand (D:8)
  5 scorpions
  3 wights (D:9)
  A water moccasin zombie (D:6)
  4 killer bees (D:9)
  3 howler monkeys
  A bullfrog zombie (D:6)
  4 crimson imps
  4 lava snakes (Lair:2)
  3 quasits (D:6)
  38 orc priests
  A gnoll bouda (D:8)
  5 hounds
  Crazy Yiuf (D:2)
  6 jellies
  Jessica (D:2)
  20 orc wizards
  Robin (D:2)
  24 gnolls
  12 adders
  5 river rats
  3 shadow imps
  5 white imps (D:6)
  An ufetubus (D:7)
  6 worms
  2 dart slugs
  80 orcs
  5 endoplasms
  5 giant cockroaches
  11 goblins
  8 hobgoblins
  9 jackals
  8 kobolds
  5 quokkas
  8 ball pythons
  8 bats
  10 frilled lizards
  21 rats
580 creatures vanquished.

Notes
Turn   | Place    | Note
-------+----------+-------------------------------------------
     0 | D:1      | Peloso the Minotaur Fighter began the quest for the Orb.
     0 | D:1      | Reached XP level 1. HP: 19/19 MP: 0/0
   165 | D:1      | Found Sessod's Armour Shop.
   273 | D:1      | Reached XP level 2. HP: 27/27 MP: 1/1
   540 | D:1      | Found a faded altar of an unknown god.
   689 | D:2      | Reached XP level 3. HP: 33/33 MP: 2/2
   764 | D:2      | You fall into a shaft and drop 1 floor!
   918 | D:3      | Identified the +0 chain mail of the Salmon {Rampage rN++
                  | Str+3}
   980 | D:2      | Noticed Robin
   985 | D:2      | Reached skill level 3 in Long Blades
   994 | D:2      | Killed Robin
  1072 | D:2      | Found a runed translucent door.
  1073 | D:2      | Noticed Crazy Yiuf
  1206 | D:2      | Noticed Jessica
  1209 | D:2      | Killed Jessica
  1210 | D:2      | Reached XP level 4. HP: 41/41 MP: 3/3
  2315 | D:3      | Found a shimmering blue altar of Sif Muna.
  2458 | D:4      | Reached XP level 5. HP: 47/47 MP: 4/4
  2470 | D:4      | Reached skill level 4 in Long Blades
  2487 | D:4      | Reached skill level 5 in Armour
  2606 | D:4      | Reached skill level 5 in Long Blades
  2606 | D:4      | Reached XP level 6. HP: 53/53 MP: 5/5
  2613 | D:4      | Found a glowing drain.
  2617 | Sewer    | Entered a sewer
  3016 | D:4      | Reached skill level 5 in Fighting
  3082 | D:4      | Reached skill level 6 in Long Blades
  3082 | D:4      | Reached XP level 7. HP: 58/61 MP: 6/6
  3724 | D:5      | Entered Level 5 of the Dungeon
  3879 | D:5      | Found a shimmering altar of Xom.
  3904 | D:5      | Found a staircase to the Ecumenical Temple.
  3913 | D:5      | Reached skill level 7 in Long Blades
  3926 | Temple   | Entered the Ecumenical Temple
  3954 | Temple   | Reached skill level 5 in Shields
  4097 | Temple   | Became a worshipper of Warmaster Okawaru
  4261 | D:5      | Reached skill level 1 in Dodging
  4477 | D:5      | Reached XP level 8. HP: 70/70 MP: 7/7
  4501 | D:5      | Reached * piety under Okawaru
  4502 | D:5      | Reached skill level 8 in Long Blades
  4748 | D:5      | Reached skill level 9 in Long Blades
  5433 | D:6      | Reached XP level 9. HP: 79/79 MP: 8/8
  5464 | D:6      | Got Sif Muna's Opusculum on Overcast Dark Magic
  5555 | D:6      | Found a runed translucent gate.
  5555 | D:6      | Noticed ymhsbmbesitwf's ghost (novice DjFE)
  5556 | D:6      | Found a runed translucent gate.
  5556 | D:6      | Found a runed translucent gate.
  5558 | D:6      | Found a basalt altar of Yredelemnul.
  5615 | D:6      | Reached skill level 10 in Long Blades
  5686 | D:6      | Noticed a moth of wrath
  5689 | D:6      | Found a bloodstained altar of Trog.
  5773 | D:6      | Reached ** piety under Okawaru
  5809 | D:6      | Found an opulent altar of Gozag.
  6332 | D:7      | Found a hide-covered altar of Uskayaw.
  6429 | D:7      | Found Nesaonwunar's Antique Weapon Emporium.
  6435 | D:7      | Found Vyudeph's Jewellery Shop.
  6450 | D:7      | Bought a shimmering war axe for 212 gold pieces
  6450 | D:7      | Identified the +7 war axe of the Durable God {drain, rElec
                  | rPois Str+4 Int-4} (You bought it in a shop on level 7 of
                  | the Dungeon)
  6506 | D:7      | Found Tezogo's Assorted Antiques.
  6524 | D:7      | Found Ipneti's Magic Scroll Boutique.
  6695 | D:7      | Found a hazy altar of Hepliaklqana.
  6847 | D:7      | Reached skill level 1 in Axes
  7782 | D:8      | Found a transporter.
  7853 | D:8      | Found a blossoming altar of Fedhas.
  7947 | D:8      | Reached *** piety under Okawaru
  7948 | D:8      | Noticed a centaur warrior
  7959 | D:8      | Noticed a cyclops
  7960 | D:8      | Noticed a gargoyle
  7964 | D:8      | Killed a cyclops
  7965 | D:8      | Reached XP level 10. HP: 57/90 MP: 9/9
  7965 | D:8      | Killed a gargoyle
  8037 | D:8      | Killed a centaur warrior
  8038 | D:8      | Reached skill level 5 in Axes
  8040 | D:8      | Reached **** piety under Okawaru
  8208 | D:8      | Found a transporter.
  8232 | D:8      | Noticed Psyche
  8285 | D:8      | Killed Psyche
  8665 | D:9      | Found a radiant altar of Vehumet.
  8805 | D:9      | Noticed a two-headed ogre
  8813 | D:9      | Killed a two-headed ogre
  8815 | D:9      | Identified the amulet "Noty" {Reflect rPois Dex+3 SH+5}
  9028 | D:9      | Reached ***** piety under Okawaru
  9031 | D:9      | Received a gift from Okawaru
  9335 | D:9      | Reached XP level 11. HP: 75/97 MP: 10/10
  9339 | D:9      | Reached skill level 10 in Armour
  9339 | D:9      | Reached skill level 1 in Stealth
  9865 | D:2      | Killed Crazy Yiuf
 10034 | D:10     | Entered Level 10 of the Dungeon
 10044 | D:10     | Noticed a two-headed ogre
 10049 | D:10     | Killed a two-headed ogre
 10098 | D:10     | Reached skill level 10 in Fighting
 10098 | D:10     | Reached skill level 10 in Axes
 10300 | D:10     | Found a staircase to the Orcish Mines.
 10357 | D:10     | Received a gift from Okawaru
 11046 | D:11     | Noticed a boulder beetle
 11066 | D:11     | Killed a boulder beetle
 11067 | D:11     | Reached skill level 11 in Long Blades
 11185 | D:11     | Noticed Snorg
 11201 | D:11     | Killed Snorg
 11227 | D:11     | Found a staircase to the Lair.
 11728 | D:11     | Noticed a brown ugly thing
 11729 | D:11     | Noticed Nergalle
 11747 | D:11     | Killed a brown ugly thing
 11764 | D:11     | Killed Nergalle
 11765 | D:11     | Reached skill level 12 in Long Blades
 11969 | Lair:1   | Entered Level 1 of the Lair of Beasts
 12030 | Lair:1   | Reached ****** piety under Okawaru
 12041 | Lair:1   | Identified the +2 pair of boots "Zuine" {Fly rPois rF+
                  | Will-} (Okawaru gifted it to you on level 1 of the Lair of
                  | Beasts)
 12041 | Lair:1   | Received a gift from Okawaru
 12042 | Lair:1   | Reached XP level 12. HP: 62/108 MP: 11/11
 12878 | Lair:1   | Reached skill level 5 in Dodging
 13059 | Lair:2   | Reached skill level 13 in Long Blades
 13530 | Lair:2   | Found a staircase to the Snake Pit.
 14003 | Lair:2   | Reached skill level 10 in Shields
 14386 | Lair:3   | Identified the +0 pair of boots of the Fisher {rF+ rN++
                  | Int+2 Dex-2} (Okawaru gifted it to you on level 3 of the
                  | Lair of Beasts)
 14386 | Lair:3   | Received a gift from Okawaru
 14524 | Lair:3   | Noticed an eight-headed hydra
 14537 | Lair:3   | Killed a 14-headed hydra
 14941 | Lair:3   | Found a staircase to the Swamp.
 15270 | D:12     | Noticed Maurice
 15278 | D:12     | Killed Maurice
 15279 | D:12     | Reached XP level 13. HP: 118/118 MP: 12/12
 15737 | D:12     | Reached skill level 14 in Long Blades
 16152 | Orc:1    | Entered Level 1 of the Orcish Mines
 16559 | Orc:1    | Noticed Almogavar's ghost (journeyman HOFi)
 16579 | Orc:1    | Found Zolesoosch's Antique Weapon Boutique.
 16593 | Orc:1    | Bought an encrusted long sword for 289 gold pieces
 16593 | Orc:1    | Identified the +7 long sword of Dismay {drain, rC+ Str+3
                  | SInv} (You bought it in a shop on level 1 of the Orcish
                  | Mines)
 16631 | Orc:1    | Found a transporter.
 16634 | Orc:1    | Found a transporter.
 16850 | Orc:2    | Entered Level 2 of the Orcish Mines
 16920 | Orc:2    | Found a burning altar of Makhleb.
 16976 | Orc:2    | HP: 2/119 [two-headed ogre/+0 giant club (10)]
 18214 | Orc:2    | Noticed an orc warlord
 18250 | Orc:1    | Killed an orc warlord
 18608 | Orc:2    | Found a staircase to the Elven Halls.
 18884 | Orc:2    | Received a gift from Okawaru
 19866 | Orc:2    | Found Waos's Armour Shop.
 19893 | Orc:2    | Found Ydasitt's Book Shop.
 19894 | Orc:2    | Found Lycu Nyo's Antique Armour Shop.
 19894 | Orc:2    | Found Weywni's Antique Weapon Boutique.
 19910 | Orc:2    | Bought a fine plate armour for 1064 gold pieces
 19910 | Orc:2    | Identified the +0 plate armour of Defence {Dex+2} (You
                  | bought it in a shop on level 2 of the Orcish Mines)
 20031 | Orc:1    | Killed Almogavar's ghost
 20308 | D:6      | Killed ymhsbmbesitwf's ghost
 20794 | D:13     | Received a gift from Okawaru
 20795 | D:13     | Reached XP level 14. HP: 112/129 MP: 10/13
 21079 | D:13     | Noticed Nessos
 21089 | D:13     | HP: 4/129 [Nessos/arrow (14)]
 21089 | D:13     | Shot with an arrow by Nessos

Illustrated notes

Levels and vault maps discovered:
D:1:      dpeg_arrival_castle, layout_rooms, serial_shops, nicolae_shop_trees,
          hellmonk_ecumenical_altar_lost_god, item_on_display_a
D:2:      layout_loops_cross, minmay_crystal_room, minmay_quantized, uniq_robin,
          uniq_jessica, uniq_crazy_yiuf_cottage
D:3:      minmay_general_purpose_star, layout_basic, lemuel_blue_sif_altar
D:4:      layout_basic, chequers_ossuary_entry_cave, gup_sewer_entry_spiral
D:5:      minmay_octagon_keep, layout_cave_pods, led_xom_imps,
          minmay_temple_entry_poolview
D:6:      layout_basic, nicolae_yredelemnul_ghost_church, tgw_trog,
          mainiacjoe_overflow_alcove_1, serial_demonic, serial_demonic_f,
          serial_demonic_c, serial_demonic_f, serial_demonic_a,
          serial_demonic_b, serial_demonic_a, minmay_checkerbox
D:7:      black_bear_nest_2, layout_loops_ring, nicolae_uskayaw_suspiria,
          worldfamousw_hep_ancestral_shrine, serial_shops,
          nicolae_shop_tiny_waterfront, shop, shop, nicolae_stop_n_shop_2,
          hangedman_decor_diamond_cutter
D:8:      minmay_chambers_of_sixes, layout_cave_pods, fedhas_altar_2,
          nicolae_diode_stairs, uniq_psyche
D:9:      layout_basic, nicolae_overflow_crystal_walls,
          dreamdust_mushroom_princess
D:10:     layout_long_grid, orc_0_dummy
D:11:     layout_cave_pods, erik_lair_orcish_takeover, st_stairs_9, uniq_snorg,
          uniq_nergalle
D:12:     layout_irregular_city, evilmike_butchery, uniq_maurice
D:13:     layout_cross, lightli_vaults_fourway_checkpoint, serial_shops, shop,
          uniq_nessos, uniq_azrael
Temple:   hellmonk_temple_forest_ring
Lair:1:   layout_chaotic_city, beast_lair_carwin_5, grunt_megastairs_2,
          infiniplex_staircase_pool_2
Lair:2:   layout_chaotic_city, nicolae_snake_entry_warm_welcome, minmay_holes,
          grunt_megastairs_3, lemuel_fruit_fields
Lair:3:   layout_loops_ring, swamp_mist
Orc:1:    layout_caves, serial_shops, shop, gammafunk_ghost_arena
Orc:2:    st_orc_pillars, layout_diamond_mine, bloody_makhleb

Skill      XL: |  1  2  3  4  5  6  7  8  9 10 11 12 13 |
---------------+----------------------------------------+-----
Armour         | 4 5 6 7 8 9 11 12 13 | 13.2
Shields        | 4 5 6 7 8 10 12 | 12.2
Fighting       | 4 5 6 7 8 9 10 12 13 | 13.6
Long Blades    | 3 5 6 7 9 10 12 13 14 | 14.6
Dodging        | 1 2 3 4 5 6 |  6.2
Axes           | 4 8 10 11 12 | 12.5
Stealth        | 1 |  1.4
Invocations    | |  0.7

Action                     |  1- 3 |  4- 6 |  7- 9 | 10-12 | 13-15 || total
---------------------------+-------+-------+-------+-------+-------++-------
  Melee: Long sword        |    79 |   207 |   376 |       |   287 ||   949
         Headbutt          |     8 |    34 |    74 |   118 |    99 ||   333
         War axe           |       |       |    56 |   149 |    85 ||   290
         Demon blade       |       |       |       |   381 |    87 ||   468
 Invoke: Heroism           |       |       |     1 |     1 |     8 ||    10
    Use: Potion            |     3 |       |     3 |       |     3 ||     9
         Scroll            |       |    11 |     3 |     7 |     6 ||    27
 Armour: Scale mail        |    33 |       |       |       |       ||    33
         Chain mail        |     8 |   104 |   237 |   245 |   144 ||   738
  Dodge: Dodged            |    46 |    95 |   192 |   237 |   212 ||   782
  Block: Buckler           |    25 |    39 |   121 |   294 |   341 ||   820
         Reflection        |       |       |       |     6 |    41 ||    47
